 Dungeon Crawl Stone Soup version 0.13-a0-2484-gc765b08 (console) character file.

178 Kellhus the Ruinous (level 4, 19/22 HPs)
             Began as a Gargoyle Wizard on July 20, 2013.
             Quit the game on Level 2 of the Dungeon.
             The game lasted 00:02:04 (1870 turns).

Kellhus the Ruinous (Gargoyle Wizard)               Turns: 1870, Time: 00:02:04

HP  19/22        AC  6     Str 11      XL: 4   Next:  0%
MP   6/11        EV 11     Int 19      God:
Gold 121         SH  0     Dex  8      Spells:  1 memorised,  8 levels left

Res.Fire  : . . .   See Invis. : .   (no weapon)
Res.Cold  : . . .   Warding    : .   a - +0 robe
Life Prot.: + . .   Conserve   : .   (no shield)
Res.Poison: +       Res.Corr.  : .   b - +0 wizard hat
Res.Elec. : +       Clarity    : .   (no cloak)
Sust.Abil.: . .     Spirit.Shd : .   (no gloves)
Res.Mut.  : .       Stasis     : .   (no boots)
Res.Rott. : +       Flight     : .   (no amulet)
Saprovore : . . .                    (no ring)
                                     m - cursed -2 ring of protection

@: very slightly contaminated, slightly resistant to hostile enchantments,
unstealthy
A: fangs 1, talons 2, life protection 1, electricity resistance, slow metabolism
1, unbreathing, petrification resistance, AC +6
a: no special abilities


You were on level 2 of the Dungeon.
You were not hungry.

You visited 1 branch of the dungeon, and saw 2 of its levels.

You collected 101 gold pieces.

Inventory:

Armour
 a - a +0 robe (worn)
 b - a +0 wizard hat (worn)
 p - a cursed +0 leather armour
Comestibles
 d - 2 bread rations
 g - an apple
 q - a choko
 r - 3 rotting chunks of hobgoblin flesh
 s - 3 chunks of hobgoblin flesh
 v - a chunk of adder flesh
Scrolls
 e - 2 scrolls of identify {unknown}
 f - a scroll of blinking {unknown}
 h - a scroll of recharging {unknown}
 i - 3 scrolls of teleportation {unknown}
 n - a scroll of curse weapon {unknown}
 o - 2 scrolls of remove curse {unknown}
 u - a scroll of curse armour {unknown}
Jewellery
 m - a cursed -2 ring of protection (left hand)
Potions
 j - 2 potions of heal wounds {unknown}
 k - 2 potions of paralysis {unknown}
 l - 2 potions of curing {unknown}
 t - a potion of resistance {unknown}
Books
 c - a book of Minor Magic

   Spells                             Type                      Level
   *Magic Dart                        Conjuration                  1
   Blink                              Translocation                2
   Call Imp                           Summoning                    2
   Repel Missiles                     Charms/Air                   2
   Slow                               Hexes                        2
   Conjure Flame                      Conjuration/Fire             3
   Mephitic Cloud                     Conjuration/Poison/Air       3


   Skills:
 - Level 1.5 Dodging
 - Level 2.1 Stealth
 - Level 3.0 Spellcasting
 + Level 4.1 Conjurations
   Level 0.8 Summonings
   Level 0.8 Translocations


You had 8 spell levels left.
You knew the following spells:

 Your Spells              Type           Power        Failure   Level  Hunger
a - Magic Dart            Conj           ###.         3%          1    None


Dungeon Overview and Level Annotations

Branches:
Dungeon (2/27)

Altars:


Innate Abilities, Weirdness & Mutations

You are resistant to torment.
You are immune to poison.
Your stone body is very resilient (AC +6).
You have very sharp teeth.
You have razor-sharp toenails.
You resist negative energy.
You are resistant to electric shocks.
You have a slow metabolism.
You can survive without breathing.
You are immune to petrification.


Message History

A hobgoblin comes into view. It is wielding an orcish club.
Casting: Magic Dart
Confirm with . or Enter, or press ? or * to list all spells.
Aiming: Magic Dart
Press: ? - help, Shift-Dir - straight line, f - hobgoblin
Aim: a hobgoblin, wielding an orcish club (resting)
The magic dart hits the hobgoblin.
The hobgoblin shouts!
Casting: Magic Dart
Confirm with . or Enter, or press ? or * to list all spells.
Aiming: Magic Dart
Press: ? - help, Shift-Dir - straight line, f/p - hobgoblin
Aim: a hobgoblin, wielding an orcish club The magic dart hits the hobgoblin.
You kill the hobgoblin!
You have reached level 4!
You feel stronger.
Casting: Magic Dart
Confirm with . or Enter, or press ? or * to list all spells.
You can't see any susceptible monsters within range! (Use Z to cast anyway.) Are you sure you want to abandon this character and quit the game? (Confirm with "yes".)

######### #.).....#
#.#####.# ######.# #.#
#......# #.############
#.###..#####....@......).
#.#..........############
#.#.#..#...........#
#......#.###.#####.#
###.##.#.# #.# #.#
#....#.# #.# #.#
######...###.# #.#
.............# #(#
######.##.#### #.#


There were no monsters in sight!

Vanquished Creatures
  An adder (D:2)
  A gnoll (D:1)
  5 bats
  9 hobgoblins
  A ball python (D:2)
  2 giant cockroaches
  3 giant geckos
  3 giant newts
  6 goblins
  2 kobolds
  4 rats (D:1)
37 creatures vanquished.

Notes
Turn   | Place    | Note
--------------------------------------------------------------
     0 | D:1      | Kellhus, the Gargoyle Wizard, began the quest for the Orb.
     0 | D:1      | Reached XP level 1. HP: 8/8 MP: 5/5
   426 | D:1      | Reached XP level 2. HP: 4/13 MP: 1/7
   958 | D:1      | Reached XP level 3. HP: 17/17 MP: 9/9
  1813 | D:2      | Reached skill level 4 in Conjurations
  1869 | D:2      | Reached XP level 4. HP: 19/22 MP: 7/11
  1870 | D:2      | Quit the game

Action                   |  1- 3 |  4- 6 || total
-------------------------+-------+-------++-------
Melee: Unarmed           |     2 |       ||     2
 Cast: Magic Dart        |    86 |     1 ||    87
